 Dungeon Crawl Stone Soup version 0.29-a0-495-g17b79114eb (webtiles) character file.

Game seed: 2601279497325429364

124891 enile the Covert (level 16, -4/125 HPs)
             Began as a Gnoll Wanderer on May 28, 2022.
             Was the Champion of Lugonu.
             Slain by a merfolk impaler
             ... wielding a +4 trident of protection
              (23 damage)
             ... on level 2 of the Shoals.
             The game lasted 01:37:29 (39942 turns).

enile the Covert (Gnoll Wanderer)                  Turns: 39942, Time: 01:37:29

Health: -4/125     AC: 15    Str: 11    XL:     16   Next: 94%
Magic:  0/31       EV: 20    Int: 14    God:    Lugonu [******]
Gold:   1076       SH: 12    Dex: 22    Spells: 16/38 levels left

rFire   . . .      SeeInvis +   R - +3 scimitar (vorpal)
rCold   + + .      Faith    .   f - +4 buckler of Volue {Regen+}
rNeg    . . .      Spirit   +   k - +0 leather armour of Decompression {Dex+4 SInv Stlth+}
rPois   +          Reflect  .   O - +2 hat
rElec   .          Harm     .   K - +2 cloak {rC+}
rCorr   +          Rampage  .   l - +3 pair of gauntlets of War {Slay+5}
Will    +....                   (no boots)
Stlth   +++++++...              Y - amulet of guardian spirit
HPRegen 1.10/turn               S - ring of poison resistance
MPRegen 0.22/turn               q - ring of resist corrosion

@: forested, very slightly contaminated
A: fangs 1, strong nose, distributed training, cold resistance 1, shaggy fur 1
a: Renounce Religion, Depart the Abyss, Bend Space, Banish, Corrupt, Enter the
Abyss, Brand Weapon With Distortion


You were on level 2 of the Shoals.
You worshipped Lugonu.
Lugonu was exalted by your worship.
You visited 5 branches of the dungeon, and saw 27 of its levels.
You also visited: Bailey and Ice Cave.

You collected 2777 gold pieces.
You spent 1701 gold pieces at shops.

Inventory:

Hand Weapons
 a - the +7 quarterstaff of Extinguishment {venom, rC+ rN+ Str+3 Int+3}
   (You took it off a spriggan on level 6 of the Lair of Beasts)

   It poisons the flesh of those it strikes.
   Str:       It affects your strength (+3).
   Int:       It affects your intelligence (+3).
   rC:        It protects you from cold.
   rN:        It protects you from negative energy.
 i - a +2 broad axe of flaming
 C - a +3 demon whip of chaos
 M - a +1 morningstar of protection
 R - a +3 vorpal scimitar (weapon)
Missiles
 B - 12 javelins (quivered)
 V - 4 throwing nets
Armour
 f - the +4 buckler of Volue (worn) {Regen+}
   (You acquired it in a bailey)

   Regen:     It increases your rate of health regeneration.
 k - the +0 leather armour of Decompression (worn) {Dex+4 SInv Stlth+}
   (You found it on level 12 of the Dungeon)

   Dex:       It affects your dexterity (+4).
   SInv:      It lets you see invisible.
   Stlth:     It makes you more stealthy.
 l - the +3 pair of gauntlets of War (worn) {Slay+5}
   (You found it on level 13 of the Dungeon)

   Slay:      It affects your accuracy & damage with ranged weapons and melee
   (+5).
 K - a +2 cloak of cold resistance (worn)
 L - a +2 scale mail of willpower
 O - a +2 hat (worn)
 Q - a +3 buckler of reflection
Jewellery
 c - a +6 ring of dexterity
 n - an amulet of magic regeneration
 q - a ring of resist corrosion (right hand)
 t - a ring of willpower
 H - the ring "Uvalif" {rF+ AC+4 Stlth+}
   (You found it on level 4 of the Dungeon)

   [ring of protection]

   AC:        It affects your AC (+4).
   rF:        It protects you from fire.
   Stlth:     It makes you more stealthy.
 S - a ring of poison resistance (left hand)
 Y - an amulet of guardian spirit (around neck)
Wands
 r - a wand of flame (6)
 s - a wand of charming (6)
 A - a wand of polymorph (16)
 I - a wand of paralysis (16)
 T - a wand of mindburst (5)
 W - a wand of digging (1)
 X - a wand of acid (1)
Scrolls
 e - 4 scrolls of blinking
 g - 2 scrolls of vulnerability
 u - 5 scrolls of magic mapping
 v - 6 scrolls of amnesia
 w - 4 scrolls of fear
 y - 3 scrolls of torment
 z - 5 scrolls of teleportation
 J - 2 scrolls of fog
Potions
 b - 2 potions of invisibility
 d - a potion of heal wounds
 h - a potion of attraction
 j - 5 potions of flight
 m - 5 potions of magic
 o - 4 potions of lignification
 p - 3 potions of might
 x - 2 potions of haste
 D - 5 potions of curing
 E - a potion of berserk rage
 F - 3 potions of brilliance
 P - 3 potions of mutation
Miscellaneous
 G - a phantom mirror
 N - a phial of floods
 U - a box of beasts
 Z - a tin of tremorstones (1/2)


   Skills:
 + Level 11.3 Fighting
 + Level 11.3 Short Blades
 + Level 11.3 Long Blades
 + Level 11.3 Axes
 + Level 11.3 Maces & Flails
 + Level 11.3 Polearms
 + Level 11.3 Staves
 + Level 11.3 Slings
 + Level 12.1 Bows
 + Level 11.3 Crossbows
 + Level 11.3 Throwing
 + Level 11.6 Armour
 + Level 11.6 Dodging
 + Level 13.5 Stealth
 + Level 11.3 Shields
 + Level 11.3 Unarmed Combat
 + Level 11.6 Spellcasting
 + Level 9.5 Conjurations
 + Level 9.5 Hexes
 + Level 9.5 Summonings
 + Level 9.5 Necromancy
 + Level 9.5 Translocations
 + Level 9.5 Transmutations
 + Level 9.5 Fire Magic
 + Level 9.5 Ice Magic
 + Level 9.5 Air Magic
 + Level 9.5 Earth Magic
 + Level 9.5 Poison Magic
 + Level 12.2 Invocations
 + Level 11.6 Evocations


You had 16 spell levels left.
You knew the following spells:

 Your Spells              Type           Power      Damage    Failure   Level
a - Ozocubu's Armour      Ice            34%        N/A       1%          3
b - Scorch                Fire           68%        2d8       1%          2
c - Inner Flame           Hex/Fire       34%        N/A       1%          3
d - Summon Forest         Summ/Tloc      17%        N/A       7%          5
e - Gell's Gravitas       Tloc           34%        N/A       1%          3
f - Summon Cactus Giant   Summ           17%        N/A       36%         6

Your spell library contained the following spells:

 Spells                   Type           Power      Damage    Failure   Level
 Apportation              Tloc           68%        N/A       1%          1
 Foxfire                  Conj/Fire      100%       2x1d9     1%          1
 Necrotize                Necr           100%       1d9       1%          1
 Summon Small Mammal      Summ           100%       N/A       1%          1
 Sublimation of Blood     Necr           34%        N/A       1%          2
 Conjure Flame            Conj/Fire      34%        6-21      1%          3
 Lesser Beckoning         Tloc           34%        N/A       1%          3
 Teleport Other           Tloc           34%        N/A       1%          3
 Corpse Rot               Necr/Pois/Air  34%        N/A       2%          4
 Dispel Undead            Necr           34%        3d15      2%          4
 Flame Wave               Conj/Fire      34%        2d8       2%          4
 Petrify                  Tmut/Erth      34%        N/A       2%          4
 Irradiate                Conj/Tmut      17%        3d19      7%          5
 Summon Mana Viper        Hex/Summ       34%        N/A       7%          5
 Death Channel            Necr           17%        N/A       36%         6
 Ozocubu's Refrigeration  Ice            17%        4d8       91%         7


Dungeon Overview and Level Annotations

Branches:
Dungeon (14/15) Temple (0/1) D:5 Lair (6/6) D:11 Shoals (2/4) Lair:4 Spider (3/4) Lair:3 Slime (0/5) Lair:5 Orc (2/2) D:10 Elf (0/3) Orc:2 Vaults (0/5) D:13 D:14 Bailey (visited) IceCv (visited)

Altars:
Cheibriados
Elyvilon
Fedhas
Nemelex Xobeh
Sif Muna
Yredelemnul
The Shining One
Jiyva
Lugonu

Shops:
D:7 *   D:9 (   D:12 [   Orc:2 *!?([

Portals:
Abyss: Lair:6

Annotations:
D:10 corrupted
D:11 Urug
D:12 1 exclusion
Lair:6 2 transporters, quinnr's ghost, journeyman TeAE
Spider:3 Agnes; Arachne; Asterion


Innate Abilities, Weirdness & Mutations

You have very sharp teeth.
Your uncanny sense of smell can sniff out nearby items.
Your experience applies equally to all skills.
Your flesh is cold resistant. (rC+)
You are covered in fur. (AC +1)


Message History

You slash the manticore!
The manticore is severely wounded.
You block the sea snake's attack. You block the manticore's attack.
The manticore claws you but does no damage. x2
The merfolk impaler hits you from afar with a +4 trident of protection!
Your dryad misses the sea snake. You slash the manticore!
You kill the manticore!
Lugonu accepts your kill. The sea snake misses you.
The merfolk impaler hits you from afar with a +4 trident of protection!
Your dryad barely misses the sea snake.
You slash the sea snake!
The sea snake is severely wounded.
The sea snake misses you.
The merfolk impaler hits you from afar with a +4 trident of protection.
The merfolk impaler misses you.
You hit the sea snake.
The sea snake is severely wounded.
The sea snake bites you!
Your dryad closely misses the sea snake.
You block the merfolk impaler's attack.
You barely miss the sea snake.
The sea snake is severely wounded.
You block the sea snake's attack.
The merfolk impaler completely misses you.
Your dryad hits the sea snake.
The merfolk impaler hits you from afar with a +4 trident of protection!
* * * LOW HITPOINT WARNING * * *
You slash the sea snake!
You kill the sea snake!
Lugonu accepts your kill.
You carefully extract the barbed spikes from your body.
Your dryad calls out to the forest.
Vines fly forth from the trees!
The merfolk impaler hits you from afar with a +4 trident of protection!!
* * * LOW HITPOINT WARNING * * *
Tree limbs sway around you.
The merfolk impaler hits you from afar with a +4 trident of protection!!
You die...

≈≈≈≈≈≈....
≈≈≈≈≈≈≈..# ≈
≈≈≈≈≈≈≈..# ..
≈≈≈≈≈≈...###..≈
≈≈≈≈≈≈........≈
≈≈≈≈≈≈.....≈≈≈≈
≈≈≈≈≈≈≈......≈≈
≈≈≈≈≈≈†@...#
.≈≈.≈m†≈.(w♣
..≈..≈≈R...#
...≈≈PP......
≈PP≈≈..P.......
.P≈≈≈P≈PP....≈≈
.w≈≈≈P≈P......≈
.♣≈≈≈≈$...#♣w.≈


You could see a merfolk impaler (ally target), a friendly dryad (summoned) and 3
friendly snaplasher vines.

Vanquished Creatures
  Frances (Shoals:1)
  An emperor scorpion (Spider:1)
  2 ghost moths
  An orc warlord (Bailey)
  A broodmother (Spider:2)
  A dire elephant (Lair:6)
  2 entropy weavers (Spider:1)
  A fire dragon (D:14)
  Fannar (Orc:1)
  Harold (D:9)
  3 boulder beetles
  4 hydras
  3 centaur warriors
  2 two-headed ogres
  7 death yaks (Lair:6)
  4 orc high priests (Orc:2)
  3 thrashing horrors (Lair:6)
  Amaemon (Lair:3)
  A pharaoh ant (Spider:3)
  5 sea snakes
  A steelbarb worm (Spider:2)
  4 orb spiders
  6 harpies (Shoals:1)
  Pikel (D:7)
  6 orc knights
  2 oklob plants (Lair:4)
  An orc sorcerer (Orc:2)
  15 wolf spiders
  9 fauns (Shoals:1)
  3 cyclopes
  4 ugly things
  A moth of wrath (Spider:1)
  3 manticores
  6 elephants
  An ice statue (IceCv)
  2 merfolk sirens
  A water nymph (Shoals:1)
  A smoke demon (Lair:6)
  10 black mambas
  Maggie (Lair:1)
  A torpor snail (Lair:6)
  7 cane toads
  An orange demon (Lair:3)
  A gargoyle (D:10)
  3 rime drakes
  4 demonic crawlers
  3 unseen horrors
  A tengu conjurer (D:14)
  A freezing wraith (IceCv)
  9 komodo dragons
  An entropy weaver simulacrum (IceCv)
  2 ancient zymes (Lair:6)
  6 trolls
  A troll (shapeshifter) (Lair:6)
  A tarantella (shapeshifter) (Lair:6)
  2 polar bears
  3 hornets
  19 blink frogs
  16 tarantellas
  3 merfolk (Shoals:1)
  7 slime creatures
  6 culicivoras
  9 wraiths
  20 jumping spiders
  4 shadows
  4 water elementals
  2 ynoxinuls (Lair:6)
  2 spriggans (Lair:6)
  2 nameless horrors
  14 humans
  57 yaks
  3 wyverns
  A fire elemental (Lair:5)
  5 basilisks
  9 vampire mosquitoes
  A steam dragon (D:9)
  2 death yak simulacra (IceCv)
  42 redbacks
  2 chaos spawn (Lair:6)
  3 wargs
  A large abomination (Lair:6)
  2 acid dragons
  13 water moccasins
  An ice beast (D:6)
  26 orc warriors
  4 ogres
  A sky beast (D:6)
  9 wolves
  6 centaurs
  2 phantoms
  2 kobold brigands
  A necrophage (D:5)
  2 gnoll sergeants
  11 bullfrogs
  6 scorpions
  2 wights (D:10)
  2 elephant simulacra (IceCv)
  23 killer bees
  A lava snake (Lair:5)
  3 hounds
  2 jellies
  19 orc priests
  3 gnoll shamans
  9 small abominations (Lair:6)
  9 iguanas
  A polar bear simulacrum (IceCv)
  7 orc wizards
  26 gnolls
  7 adders
  2 shadow imps
  3 white imps
  A worm (D:2)
  2 dart slugs
  57 orcs
  5 ball pythons
  7 endoplasms
  7 giant cockroaches
  15 goblins
  16 hobgoblins
  3 jackals (D:4)
  5 quokkas
  7 bats
  7 frilled lizards
  29 kobolds
  5 rats
775 creatures vanquished.

Vanquished Creatures (collateral kills)
  Josephine (Shoals:1)
  A boulder beetle (Spider:2)
  An alligator snapping turtle (Shoals:1)
  A merfolk aquamancer (Shoals:1)
  An orc high priest (Orc:2)
  A steelbarb worm (Spider:2)
  A sea snake (Shoals:1)
  2 harpies (Shoals:1)
  A wolf spider (Spider:2)
  A merfolk siren (Shoals:1)
  2 ice statues (IceCv)
  An anaconda simulacrum (IceCv)
  A culicivora (Spider:2)
  2 humans (D:13)
  5 orc warriors
  3 orc priests (Orc:2)
  A wolf simulacrum (IceCv)
  10 orcs (Orc:2)
36 creatures vanquished.

Vanquished Creatures (others)
  Jorgrun (Shoals:1)
  An orb spider (Spider:2)
  A shadow (D:10)
  3 yaks (D:10)
  A wyvern (D:10)
  2 wargs (D:10)
  A centaur (D:10)
  A kobold brigand (D:10)
  A wight (D:10)
  An orc priest (D:10)
  3 orc wizards (D:10)
  8 orcs (D:10)
  A goblin (D:10)
  A hobgoblin (D:10)
  4 kobolds (D:10)
  A bush (Lair:6)
  44 fungi
  94 plants
  6 snaplasher vines
175 creatures vanquished.

Grand Total: 986 creatures vanquished

Notes
Turn   | Place    | Note
-------+----------+-------------------------------------------
     0 | D:1      | enile the Gnoll Wanderer began the quest for the Orb.
     0 | D:1      | enile set off with the following items: a +2 dagger, a
                  | potion of invisibility, a +0 shortbow, a piece from Xom's
                  | chessboard (15/15), a scroll of blinking, a +0 robe
     0 | D:1      | Reached XP level 1. HP: 13/13 MP: 4/4
    79 | D:1      | Found a faded altar of an unknown god.
   143 | D:1      | Reached XP level 2. HP: 17/19 MP: 5/5
   303 | D:1      | Prayed at the altar of an unknown god.
   303 | D:1      | Became a worshipper of Lugonu the Unformed
   303 | D:1      | Reached * piety under Lugonu
   303 | D:1      | Reached ** piety under Lugonu
   518 | D:1      | Reached XP level 3. HP: 23/25 MP: 7/7
   522 | D:1      | Learned a level 3 spell: Ozocubu's Armour
   968 | D:1      | Learned a level 2 spell: Scorch
  1162 | D:2      | Reached skill level 1 in Invocations
  1563 | D:2      | Reached skill level 1 in Fighting
  1563 | D:2      | Reached skill level 1 in Short Blades
  1563 | D:2      | Reached skill level 1 in Long Blades
  1563 | D:2      | Reached skill level 1 in Axes
  1563 | D:2      | Reached skill level 1 in Maces & Flails
  1563 | D:2      | Reached skill level 1 in Polearms
  1563 | D:2      | Reached skill level 1 in Staves
  1563 | D:2      | Reached skill level 1 in Slings
  1563 | D:2      | Reached skill level 1 in Crossbows
  1563 | D:2      | Reached skill level 1 in Throwing
  1563 | D:2      | Reached skill level 1 in Shields
  1563 | D:2      | Reached skill level 1 in Unarmed Combat
  1974 | D:3      | Noticed a phantom
  1996 | D:3      | Killed a phantom
  1997 | D:3      | Reached skill level 1 in Conjurations
  1997 | D:3      | Reached skill level 1 in Hexes
  1997 | D:3      | Reached skill level 1 in Summonings
  1997 | D:3      | Reached skill level 1 in Necromancy
  1997 | D:3      | Reached skill level 1 in Translocations
  1997 | D:3      | Reached skill level 1 in Transmutations
  1997 | D:3      | Reached skill level 1 in Fire Magic
  1997 | D:3      | Reached skill level 1 in Ice Magic
  1997 | D:3      | Reached skill level 1 in Air Magic
  1997 | D:3      | Reached skill level 1 in Earth Magic
  1997 | D:3      | Reached skill level 1 in Poison Magic
  1997 | D:3      | Reached XP level 4. HP: 5/32 MP: 8/8
  1997 | D:3      | Reached XP level 5. HP: 6/37 MP: 9/9
  2539 | D:3      | Reached *** piety under Lugonu
  3082 | D:4      | Reached skill level 8 in Stealth
  3186 | D:4      | Reached XP level 6. HP: 28/44 MP: 10/10
  3440 | D:4      | Identified the ring "Uvalif" {rF+ AC+4 Stlth+}
  3900 | D:4      | Reached skill level 5 in Bows
  3952 | D:5      | Entered Level 5 of the Dungeon
  3994 | D:5      | Found a blossoming altar of Fedhas.
  4037 | D:5      | Found a staircase to the Ecumenical Temple.
  4304 | D:5      | Reached XP level 7. HP: 23/50 MP: 12/12
  5913 | D:6      | Reached XP level 8. HP: 45/57 MP: 14/14
  7063 | D:7      | Noticed a komodo dragon
  7182 | D:3      | Reached **** piety under Lugonu
  8266 | D:6      | Reached XP level 9. HP: 27/65 MP: 16/16
  8858 | D:7      | Found a white marble altar of Elyvilon.
  8920 | D:7      | Found a basalt altar of Yredelemnul.
  8946 | D:7      | Noticed Pikel
  8960 | D:7      | Killed Pikel
  8961 | D:7      | Reached skill level 5 in Armour
  8961 | D:7      | Reached skill level 5 in Dodging
  8961 | D:7      | Reached skill level 5 in Spellcasting
  8961 | D:7      | Reached skill level 5 in Evocations
  8988 | D:7      | Found Volireun's General Store.
  8995 | D:7      | Bought a scroll of torment for 97 gold pieces
  8995 | D:7      | Bought a +2 buckler of reflection for 240 gold pieces
  9089 | D:7      | Reached skill level 9 in Stealth
  9142 | D:7      | Killed a komodo dragon
  9636 | D:7      | Found a sparkling altar of Nemelex Xobeh.
  9643 | D:7      | Reached skill level 5 in Invocations
  9831 | D:8      | Identified the +3 short sword of Refrab {drain, Will+
                  | Stlth+}
 10059 | D:8      | Reached ***** piety under Lugonu
 10214 | D:8      | Reached XP level 10. HP: 73/73 MP: 18/18
 10299 | D:8      | Reached skill level 5 in Fighting
 10299 | D:8      | Reached skill level 5 in Short Blades
 10299 | D:8      | Reached skill level 5 in Long Blades
 10299 | D:8      | Reached skill level 5 in Axes
 10299 | D:8      | Reached skill level 5 in Maces & Flails
 10299 | D:8      | Reached skill level 5 in Polearms
 10299 | D:8      | Reached skill level 5 in Staves
 10299 | D:8      | Reached skill level 5 in Slings
 10299 | D:8      | Reached skill level 5 in Crossbows
 10299 | D:8      | Reached skill level 5 in Throwing
 10299 | D:8      | Reached skill level 5 in Shields
 10299 | D:8      | Reached skill level 5 in Unarmed Combat
 12824 | D:9      | Found Lygere's Weapon Shoppe.
 13145 | D:9      | Noticed Harold
 13156 | D:9      | Killed Harold
 13157 | D:9      | Reached XP level 11. HP: 60/81 MP: 20/20
 13349 | D:9      | Reached skill level 5 in Conjurations
 13349 | D:9      | Reached skill level 5 in Hexes
 13349 | D:9      | Reached skill level 5 in Summonings
 13349 | D:9      | Reached skill level 5 in Necromancy
 13349 | D:9      | Reached skill level 5 in Translocations
 13349 | D:9      | Reached skill level 5 in Transmutations
 13349 | D:9      | Reached skill level 5 in Fire Magic
 13349 | D:9      | Reached skill level 5 in Ice Magic
 13349 | D:9      | Reached skill level 5 in Air Magic
 13349 | D:9      | Reached skill level 5 in Earth Magic
 13349 | D:9      | Reached skill level 5 in Poison Magic
 13583 | D:9      | Paralysed by a hornet for 1 turns
 13803 | D:9      | Found a glowing golden altar of the Shining One.
 13803 | D:9      | Found a snail-covered altar of Cheibriados.
 14117 | D:9      | Reached skill level 10 in Stealth
 14255 | D:10     | Entered Level 10 of the Dungeon
 14259 | D:10     | Found a staircase to the Orcish Mines.
 14265 | D:10     | Corrupted D:10
 14265 | D:10     | Noticed a cacodemon
 14267 | D:10     | Noticed a hell knight
 14304 | D:10     | Found a flagged portal.
 14574 | Bailey   | Entered a bailey
 14628 | Bailey   | Noticed an orc warlord
 15197 | Bailey   | Found a runed translucent gate.
 15199 | Bailey   | Found a runed translucent gate.
 15203 | Bailey   | Found a runed translucent gate.
 15376 | Bailey   | Killed an orc warlord
 15709 | Bailey   | Acquired the +4 buckler of Volue {Regen+}
 16570 | D:11     | Noticed a six-headed hydra
 16587 | D:11     | Killed a one-headed hydra
 16831 | D:11     | Noticed Urug
 16885 | D:11     | Noticed a cyclops
 17456 | D:11     | Found a staircase to the Lair.
 17528 | Lair:1   | Entered Level 1 of the Lair of Beasts
 17682 | Lair:1   | Reached XP level 12. HP: 86/89 MP: 23/23
 17707 | Lair:1   | Learned a level 3 spell: Inner Flame
 17804 | Lair:1   | Noticed Maggie
 17888 | Lair:1   | Killed Maggie
 17950 | Lair:1   | Noticed a four-headed hydra
 17960 | Lair:1   | Killed a one-headed hydra
 19877 | Lair:3   | Reached skill level 11 in Stealth
 20169 | Lair:3   | Noticed Amaemon
 20177 | Lair:3   | Killed Amaemon
 20196 | Lair:3   | Reached XP level 13. HP: 60/98 MP: 25/25
 20244 | Lair:3   | Found a hole to the Spider Nest.
 20431 | Lair:4   | Reached ****** piety under Lugonu
 20622 | Lair:4   | Found a staircase to the Shoals.
 21012 | Lair:4   | Found a blossoming altar of Fedhas.
 21721 | Lair:5   | Found a staircase to the Slime Pits.
 21722 | Lair:5   | Found a viscous altar of Jiyva.
 22579 | Lair:6   | Entered Level 6 of the Lair of Beasts
 22664 | Lair:6   | Noticed a dire elephant
 22684 | Lair:6   | Killed a dire elephant
 23115 | Lair:6   | Found a transporter.
 23139 | Lair:6   | Reached skill level 10 in Bows
 23141 | Lair:6   | Reached XP level 14. HP: 106/106 MP: 27/27
 23759 | Lair:6   | Found a transporter.
 23779 | Lair:6   | Noticed quinnr's ghost (journeyman TeAE)
 23969 | Lair:6   | Reached skill level 10 in Invocations
 24101 | Lair:6   | Reached skill level 12 in Stealth
 24290 | Lair:6   | Identified the +7 quarterstaff of Extinguishment {venom,
                  | rC+ rN+ Str+3 Int+3}
 24667 | Lair:6   | Learned a level 5 spell: Summon Forest
 25277 | Lair:6   | Found a corrupted altar of Lugonu.
 25277 | Lair:6   | Found a one-way gate to the infinite horrors of the Abyss.
 25931 | Orc:1    | Entered Level 1 of the Orcish Mines
 25931 | Orc:1    | Found a frozen archway.
 25945 | IceCv    | Entered an ice cave
 28052 | Orc:2    | Entered Level 2 of the Orcish Mines
 28214 | Orc:2    | Found Bolacuivvo's Antique Armour Shoppe.
 28365 | Orc:2    | Found a staircase to the Elven Halls.
 28423 | Orc:2    | Reached skill level 10 in Spellcasting
 28778 | Orc:2    | Reached skill level 10 in Armour
 28778 | Orc:2    | Reached skill level 10 in Dodging
 28778 | Orc:2    | Reached skill level 10 in Evocations
 29367 | Orc:1    | Noticed Fannar
 29387 | Orc:1    | Killed Fannar
 30413 | Orc:2    | Reached XP level 15. HP: 29/115 MP: 27/29
 31215 | Orc:2    | Found Ruf Luul's Magic Scroll Emporium.
 31218 | Orc:2    | Found Siufi's Distillery.
 31219 | Orc:2    | Found Plog's Antique Weapon Emporium.
 31220 | Orc:2    | Found Raruk's General Store.
 31224 | Orc:2    | Bought a potion of curing for 45 gold pieces
 31224 | Orc:2    | Bought a potion of curing for 45 gold pieces
 31224 | Orc:2    | Bought a potion of invisibility for 120 gold pieces
 31224 | Orc:2    | Bought a potion of invisibility for 120 gold pieces
 31224 | Orc:2    | Bought a potion of might for 60 gold pieces
 31226 | Orc:2    | Bought a +2 vorpal scimitar for 234 gold pieces
 31226 | Orc:2    | Bought a scroll of enchant armour for 97 gold pieces
 31230 | Orc:2    | Bought a scroll of teleportation for 45 gold pieces
 31230 | Orc:2    | Bought a scroll of brand weapon for 300 gold pieces
 31230 | Orc:2    | Bought a scroll of magic mapping for 52 gold pieces
 31230 | Orc:2    | Bought a scroll of enchant armour for 112 gold pieces
 31230 | Orc:2    | Bought a scroll of immolation for 52 gold pieces
 31230 | Orc:2    | Bought a scroll of fear for 52 gold pieces
 31230 | Orc:2    | Bought a scroll of fog for 30 gold pieces
 31735 | D:12     | Identified the +0 leather armour of Decompression {Dex+4
                  | SInv Stlth+}
 32249 | D:12     | Found Quijag's Armour Boutique.
 32717 | D:13     | Found the +3 pair of gauntlets of War {Slay+5}
 32775 | D:13     | Identified the +1 robe of the Wasteland {rF++ Int+2 SInv}
 33157 | D:13     | Reached skill level 10 in Fighting
 33157 | D:13     | Reached skill level 10 in Short Blades
 33157 | D:13     | Reached skill level 10 in Long Blades
 33157 | D:13     | Reached skill level 10 in Axes
 33157 | D:13     | Reached skill level 10 in Maces & Flails
 33157 | D:13     | Reached skill level 10 in Polearms
 33157 | D:13     | Reached skill level 10 in Staves
 33157 | D:13     | Reached skill level 10 in Slings
 33157 | D:13     | Reached skill level 10 in Crossbows
 33157 | D:13     | Reached skill level 10 in Throwing
 33157 | D:13     | Reached skill level 10 in Shields
 33157 | D:13     | Reached skill level 10 in Unarmed Combat
 33491 | D:14     | Noticed Rupert
 33491 | D:14     | Found a gate to the Vaults.
 34148 | Spider:1 | Entered Level 1 of the Spider Nest
 34159 | Spider:1 | Noticed an emperor scorpion
 34277 | Spider:1 | Learned a level 3 spell: Gell's Gravitas
 34338 | Spider:1 | Noticed a ghost moth
 34545 | Spider:1 | Killed a ghost moth
 34687 | Spider:1 | Identified the +5 flail of Responsibility {drain, Str+4}
 35537 | Spider:1 | Identified the +1 hunting sling of the Mashing Pill Bug
                  | {flame, Stlth+}
 35552 | Spider:1 | Identified the +12 war axe "Syfaafab" {elec, *Rage Str+4
                  | Stlth+}
 35716 | Spider:1 | Killed an emperor scorpion
 35953 | Spider:2 | Reached XP level 16. HP: 123/123 MP: 30/30
 35990 | Spider:2 | Reached skill level 13 in Stealth
 36782 | Spider:2 | Gained mutation: Your flesh is cold resistant. (rC+)
                  | [potion of mutation]
 36782 | Spider:2 | Gained mutation: You are covered in fur. (AC +1) [potion of
                  | mutation]
 37429 | Spider:3 | Noticed Asterion
 37760 | Spider:3 | Noticed Agnes
 37768 | Spider:3 | Noticed Arachne
 38195 | D:14     | Found a shimmering blue altar of Sif Muna.
 38404 | Shoals:1 | Entered Level 1 of the Shoals
 38416 | Shoals:1 | Noticed Frances
 38469 | Shoals:1 | Noticed Jorgrun
 38473 | Shoals:1 | Noticed Josephine
 38537 | Shoals:1 | Killed Jorgrun
 38773 | Shoals:1 | Killed Frances
 39117 | Shoals:1 | Killed Josephine
 39648 | Shoals:1 | Learned a level 6 spell: Summon Cactus Giant
 39942 | Shoals:2 | Slain by a merfolk impaler

Illustrated notes

Levels and vault maps discovered:
D:1:      denvon_arrival_planthouse, layout_basic, basic_ecumenical_altar,
          corner_web_ring, minmay_cut_off
D:2:      layout_basic, grunt_decor_clamped
D:3:      layout_basic, hangedman_decor_diamond_cutter, minivault_25
D:4:      nicolae_cairo_tiling, layout_loops_ring, guppyfry_early_lair_pool
D:5:      layout_cave_pools, fedhas_altar_2, minmay_temple_entry_tees,
          minmay_misc_feat_encased
D:6:      layout_rooms, hangedman_decor_peaks_small
D:7:      layout_rooms, kennysheep_ying_yang, nemelex_dance_club_becter,
          serial_shops, shop, uniq_pikel
D:8:      layout_loops_ring
D:9:      layout_roguey, mainiacjoe_overflow_divided_tiny, serial_shops,
          nicolae_shop_window_shopping, minmay_orc_keep, uniq_harold
D:10:     layout_irregular_city, erik_orc_4, enter_bailey_4
D:11:     layout_irregular_city, lair_entry_dummy, hangedman_glass_teeth,
          minmay_fractal_squares_5, uniq_urug
D:12:     layout_loops_corners, serial_shops, nicolae_shop_waterfront
D:13:     layout_loops_ring
D:14:     layout_rooms, david_vaults_3, hangedman_feature_mirror
Lair:1:   layout_cave_pods, minivault_27, uniq_maggie
Lair:2:   layout_long_grid
Lair:3:   layout_loops_ring, spider_nest_entry_rubble,
          infiniplex_staircase_pool_2, lemuel_fruit_tree, uniq_amaemon
Lair:4:   layout_gridlike, elwin_shoals_entry_rooms, hangedman_tree_tricks
Lair:5:   layout_gridlike, slime_altar_1
Lair:6:   hellmonk_lair_end_abyssal_woods, layout_regular_city,
          nzn_ghost_randoct, dreamdust_gnoll_shepherd
Shoals:1: layout_shoals, uniq_jorgrun, uniq_frances, uniq_josephine
Shoals:2: cheibrodos_shoals_epimethial_gifts, layout_shoals, serial_shops,
          nicolae_square_shop
Spider:1: nicolae_spider_mines_3, drop_trap, guppyfry_spider_mini_1
Spider:2: layout_chambers
Spider:3: layout_spider_delve, drop_trap, einodemon_crawler_minivault,
          uniq_asterion, uniq_agnes, uniq_arachne
Orc:1:    layout_diamond_mine, portal_ice_cave_entry_pillars_1, uniq_fannar
Orc:2:    st_orc_pillars, layout_caves, serial_shops, shop

Skill      XL: |  1  2  3  4  5  6  7  8  9 10 11 12 13 14 15 16 |
---------------+-------------------------------------------------+-----
Invocations    | 1 2 3 4 5 6 7 8 9 10 11 12 | 12.2
Fighting       | 1 2 3 4 5 6 7 8 9 10 11 | 11.3
Short Blades   | 1 2 3 4 5 6 7 8 9 10 11 | 11.3
Long Blades    | 1 2 3 4 5 6 7 8 9 10 11 | 11.3
Axes           | 1 2 3 4 5 6 7 8 9 10 11 | 11.3
Maces & Flails | 1 2 3 4 5 6 7 8 9 10 11 | 11.3
Polearms       | 1 2 3 4 5 6 7 8 9 10 11 | 11.3
Staves         | 1 2 3 4 5 6 7 8 9 10 11 | 11.3
Slings         | 1 2 3 4 5 6 7 8 9 10 11 | 11.3
Crossbows      | 1 2 3 4 5 6 7 8 9 10 11 | 11.3
Throwing       | 1 2 3 4 5 6 7 8 9 10 11 | 11.3
Shields        | 1 2 3 4 5 6 7 8 9 10 11 | 11.3
Unarmed Combat | 1 2 3 4 5 6 7 8 9 10 11 | 11.3
Spellcasting   | 3 4 5 6 7 8 9 10 11 | 11.6
Conjurations   | 1 2 3 4 5 6 7 8 9 |  9.5
Hexes          | 1 2 3 4 5 6 7 8 9 |  9.5
Summonings     | 1 2 3 4 5 6 7 8 9 |  9.5
Necromancy     | 1 2 3 4 5 6 7 8 9 |  9.5
Translocations | 1 2 3 4 5 6 7 8 9 |  9.5
Transmutations | 1 2 3 4 5 6 7 8 9 |  9.5
Fire Magic     | 1 2 3 4 5 6 7 8 9 |  9.5
Ice Magic      | 1 2 3 4 5 6 7 8 9 |  9.5
Air Magic      | 1 2 3 4 5 6 7 8 9 |  9.5
Earth Magic    | 1 2 3 4 5 6 7 8 9 |  9.5
Poison Magic   | 1 2 3 4 5 6 7 8 9 |  9.5
Armour         | 3 4 5 6 7 8 9 10 11 | 11.6
Dodging        | 3 4 5 6 7 8 9 10 11 | 11.6
Evocations     | 3 4 5 6 7 8 9 10 11 | 11.6
Stealth        | 8 9 10 11 12 13 | 13.5
Bows           | 5 6 7 8 9 10 11 12 | 12.1

Action                   |  1- 3 |  4- 6 |  7- 9 | 10-12 | 13-15 | 16-18 || total
-------------------------+-------+-------+-------+-------+-------+-------++-------
Melee: Dagger            |    12 |    52 |   137 |   135 |       |       ||   336
       Mace              |     5 |       |       |       |       |       ||     5
       Bite              |     1 |     9 |    33 |   113 |   256 |    69 ||   481
       Quarterstaff      |       |    61 |    46 |       |   392 |       ||   499
       Hand axe          |       |       |    56 |       |       |       ||    56
       Punch             |       |       |     6 |       |       |       ||     6
       Morningstar       |       |       |    69 |    69 |       |       ||   138
       Short sword       |       |       |    44 |    33 |       |       ||    77
       Falchion          |       |       |       |   279 |       |       ||   279
       War axe           |       |       |       |    13 |       |       ||    13
       Broad axe         |       |       |       |   199 |    46 |       ||   245
       Demon whip        |       |       |       |     9 |   598 |       ||   607
       Scimitar          |       |       |       |       |   443 |   418 ||   861
 Fire: Shortbow          |    96 |    29 |     4 |       |       |       ||   129
       Arbalest          |       |       |       |       |    10 |       ||    10
Throw: Javelin           |       |       |    37 |    63 |    48 |    24 ||   172
       Throwing net      |       |       |       |     1 |    17 |     4 ||    22
       Boomerang         |       |       |       |       |     3 |       ||     3
 Cast: Ozocubu's Armour  |       |       |       |     3 |     4 |       ||     7
       Inner Flame       |       |       |       |     1 |    13 |     1 ||    15
       Scorch            |       |       |       |       |     2 |       ||     2
       Summon Forest     |       |       |       |       |    16 |     8 ||    24
       Gell's Gravitas   |       |       |       |       |     2 |       ||     2
Invok: Bend Space        |     1 |     1 |     7 |     7 |    20 |     4 ||    40
       Banish            |       |       |       |     1 |     2 |     2 ||     5
       Corrupt           |       |       |       |     1 |       |       ||     1
Evoke: Piece from Xom's  |     1 |     3 |     7 |     5 |     7 |       ||    23
       Wand              |       |       |       |     3 |    20 |    11 ||    34
       Tin of tremorston |       |       |       |       |     5 |     2 ||     7
       Phantom mirror    |       |       |       |       |     3 |     2 ||     5
       Box of beasts     |       |       |       |       |     2 |     2 ||     4
       Phial of floods   |       |       |       |       |     2 |     1 ||     3
  Use: Potion            |     1 |       |     1 |    14 |     9 |     4 ||    29
       Scroll            |       |     3 |     3 |    18 |    22 |     5 ||    51
 Stab: Sleeping          |     2 |    13 |     9 |    16 |    31 |     7 ||    78
       Paralysed         |     3 |       |     3 |     3 |       |       ||     9
       Confused          |       |       |     1 |       |       |       ||     1
       Petrified         |       |       |     1 |       |       |       ||     1
       Distracted        |       |       |       |     5 |     8 |     2 ||    15
       Invisible         |       |       |       |     1 |       |       ||     1
       Held in net/web   |       |       |       |       |     6 |       ||     6
Armor: Robe              |    13 |    22 |    15 |       |       |       ||    50
       Scale mail        |       |       |   179 |   299 |   229 |       ||   707
       Leather armour    |       |       |       |       |   356 |   116 ||   472
Dodge: Dodged            |    28 |    75 |   173 |   369 |  1078 |   364 ||  2087
Block: Buckler           |       |       |    57 |   371 |   661 |   300 ||  1389
       Reflection        |       |       |     2 |     2 |       |       ||     4

Table legend: (Time is in decaauts)
 A = Elapsed time spent in this place.
 B = Non-inter-level travel time spent in this place.
 C = Inter-level travel time spent in this place.
 D = Time resting spent in this place.
 E = Time spent auto-exploring this place.
 F = Levels seen in this place.
 G = Mean time per level.
                   A        B        C        D        E       F      G
               +--------+--------+--------+--------+--------+-----+--------+
         Total |  39915 |  36934 |   2981 |   4763 |  23513 |  29 | 1376.4 |
       Dungeon |  19937 |  18210 |   1727 |   2578 |  12435 |  14 | 1424.1 |
          Lair |   8421 |   7600 |    821 |    494 |   5117 |   6 | 1403.5 |
        Shoals |   1575 |   1545 |     30 |    221 |    829 |   2 |  787.5 |
   Spider Nest |   3689 |   3486 |    203 |    323 |   1523 |   3 | 1229.7 |
  Orcish Mines |   3362 |   3163 |    199 |      0 |   2447 |   2 | 1681.0 |
        Bailey |   1172 |   1172 |      0 |    129 |    749 |   1 | 1172.0 |
      Ice Cave |   1756 |   1756 |      0 |   1018 |    412 |   1 | 1756.0 |
               +--------+--------+--------+--------+--------+-----+--------+

Top non-repeatable levels by time:
  Lair:6: 2970 daAuts
   Orc:2: 2856 daAuts
     D:8: 2224 daAuts
     D:9: 2187 daAuts
     D:5: 2156 daAuts
     D:6: 1833 daAuts
Spider:1: 1770 daAuts
Spider:2: 1759 daAuts
   IceCv: 1756 daAuts
     D:7: 1598 daAuts
Shoals:1: 1557 daAuts
    D:11: 1405 daAuts
     D:3: 1398 daAuts
    D:13: 1347 daAuts
    D:10: 1334 daAuts
